TOP OF THE 1ST |
Seattle Aviators batting - Pitching for New Amsterdam Republics : LHP Allan Strawson
|
Pitching: LHP Allan Strawson
|
|
Batting: RHB Randolph Davis
|
0-0: Fly out, F7 (Flyball, 7D)
|
Batting: RHB Kenzaburo Hori
|
0-0: Called Strike 0-1: Foul Ball, location: 2F 0-2: Ball 1-2: Reached on error, E5 (Groundball, 56)
|
Batting: RHB Sean Davis
|
0-0: Ball 1-0: Ground out 6-3 (Groundball, 6)
|
Batting: LHB Jorge Mojica
|
0-0: Ball 1-0: Swinging Strike 1-1: Foul Ball, location: 2F 1-2: Foul Ball, location: 2F 1-2: Ground out U3 (Groundball, 3S)
|
Top of the 1st over - 0 run(s), 0 hit(s), 1 error(s), 1 left on base; Seattle 0 - New Amsterdam 0 |
BOTTOM OF THE 1ST |
New Amsterdam Republics batting - Pitching for Seattle Aviators : RHP António Rodríguez
|
Pitching: RHP António Rodríguez
|
|
Batting: RHB António Pérez
|
0-0: SINGLE (Groundball, 56)
|
Batting: RHB Cory Hansen
|
0-0: Ball 1-0: Foul Ball, location: 2F 1-1: Ball 2-1: Grounds into double play, 6-4-3 (Groundball, 56)
|
Batting: LHB Félix López
|
0-0: Ball 1-0: Ball 2-0: Called Strike 2-1: Fly out, F7 (Flyball, 7LM)
|
Bottom of the 1st over - 0 run(s), 1 hit(s), 0 error(s), 0 left on base; Seattle 0 - New Amsterdam 0 |
TOP OF THE 2ND |
Seattle Aviators batting - Pitching for New Amsterdam Republics : LHP Allan Strawson
|
Batting: RHB Vernon Caw
|
0-0: Called Strike 0-1: Ball 1-1: SOLO HOME RUN (Flyball, 78XD), Distance : 430 ft
|
Batting: RHB Brian Williams
|
0-0: Swinging Strike 0-1: Called Strike 0-2: Ball 1-2: Ball 2-2: Foul Ball, location: 2F 2-2: Strikes out swinging
|
Batting: RHB Tanyu Kimura
|
0-0: Called Strike 0-1: Fly out, F6 (Popup, 6MD)
|
Batting: LHB Kenny Webster
|
0-0: Ball 1-0: Ball 2-0: Ground out 1-3 (Groundball, 13)
|
Top of the 2nd over - 1 run(s), 1 hit(s), 0 error(s), 0 left on base; Seattle 1 - New Amsterdam 0 |
BOTTOM OF THE 2ND |
New Amsterdam Republics batting - Pitching for Seattle Aviators : RHP António Rodríguez
|
Batting: RHB Hank Wilder
|
0-0: Swinging Strike 0-1: Ground out 6-3 (Groundball, 6)
|
Batting: RHB Júlio Maldonado
|
0-0: Ball 1-0: Foul Ball, location: 2F 1-1: Fly out, F7 (Flyball, 7M)
|
Batting: RHB Luis Muńóz
|
0-0: Fly out, F9 (Flyball, 9LM)
|
Bottom of the 2nd over - 0 run(s), 0 hit(s), 0 error(s), 0 left on base; Seattle 1 - New Amsterdam 0 |
TOP OF THE 3RD |
Seattle Aviators batting - Pitching for New Amsterdam Republics : LHP Allan Strawson
|
Batting: RHB Clarence Fox
|
0-0: Ball 1-0: Ball 2-0: Ball 3-0: Called Strike 3-1: Swinging Strike 3-2: Foul Ball, location: 2F 3-2: SINGLE (Line Drive, 34)
|
Batting: RHB Randolph Davis
|
0-0: Called Strike 0-1: Fly out, F8 (Flyball, 8RM)
|
Batting: RHB Kenzaburo Hori
|
0-0: Fly out, F2 (Popup, 23F)
|
Batting: RHB Sean Davis
|
0-0: Called Strike 0-1: Ball 1-1: Ball 2-1: Ball 3-1: Called Strike 3-2: Ground out 6-3 (Groundball, 6)
|
Top of the 3rd over - 0 run(s), 1 hit(s), 0 error(s), 1 left on base; Seattle 1 - New Amsterdam 0 |
BOTTOM OF THE 3RD |
New Amsterdam Republics batting - Pitching for Seattle Aviators : RHP António Rodríguez
|
Batting: LHB Eric Ward
|
0-0: Called Strike 0-1: Swinging Strike 0-2: Ball 1-2: Ball 2-2: Ball 3-2: Base on Balls
|
Batting: LHB Steve Ingram
|
0-0: Ball 1-0: Foul Ball, location: 2F 1-1: Ball 2-1: Ball 3-1: Foul Ball, location: 2F 3-2: Strikes out swinging
|
Batting: RHB Takeru Sanu
|
0-0: Grounds into double play, 5-4-3 (Groundball, 56)
|
Bottom of the 3rd over - 0 run(s), 0 hit(s), 0 error(s), 0 left on base; Seattle 1 - New Amsterdam 0 |
TOP OF THE 4TH |
Seattle Aviators batting - Pitching for New Amsterdam Republics : LHP Allan Strawson
|
Batting: LHB Jorge Mojica
|
0-0: Called Strike 0-1: Ball 1-1: Ball 2-1: Called Strike 2-2: Strikes out swinging
|
Batting: RHB Vernon Caw
|
0-0: Foul Ball, location: 2F 0-1: Ground out 6-3 (Groundball, 6)
|
Batting: RHB Brian Williams
|
0-0: Called Strike 0-1: Ball 1-1: Foul Ball, location: 2F 1-2: Strikes out swinging
|
Top of the 4th over - 0 run(s), 0 hit(s), 0 error(s), 0 left on base; Seattle 1 - New Amsterdam 0 |
BOTTOM OF THE 4TH |
New Amsterdam Republics batting - Pitching for Seattle Aviators : RHP António Rodríguez
|
Batting: RHB António Pérez
|
0-0: Called Strike 0-1: Ball 1-1: Swinging Strike 1-2: Ball 2-2: Foul Ball, location: 2F 2-2: Fly out, F9 (Flyball, 89S)
|
Batting: RHB Cory Hansen
|
0-0: Ball 1-0: Called Strike 1-1: Ball 2-1: Fly out, F9 (Flyball, 89M)
|
Batting: LHB Félix López
|
0-0: Ball 1-0: SOLO HOME RUN (Flyball, 9LD), Distance : 368 ft
|
Batting: RHB Hank Wilder
|
0-0: SINGLE (Line Drive, 34D)
|
Batting: RHB Júlio Maldonado
|
0-0: Called Strike 0-1: Foul Ball, location: 2F 0-2: Ball 1-2: DOUBLE (Flyball, 8LD) Hank Wilder to third Runner from 3rd tries for Home, SAFE, no throw or cutoff
|
Batting: RHB Luis Muńóz
|
0-0: Ball 1-0: Foul Ball, location: 2F 1-1: Ball 2-1: SINGLE (Groundball, 4M) Júlio Maldonado to third Runner from 3rd tries for Home, throw and OUT!
|
Bottom of the 4th over - 2 run(s), 4 hit(s), 0 error(s), 1 left on base; Seattle 1 - New Amsterdam 2 |
TOP OF THE 5TH |
Seattle Aviators batting - Pitching for New Amsterdam Republics : LHP Allan Strawson
|
Batting: RHB Tanyu Kimura
|
0-0: Ball 1-0: Ball 2-0: Called Strike 2-1: Swinging Strike 2-2: Foul Ball, location: 2F 2-2: Ball 3-2: Fly out, F7 (Flyball, 78M)
|
Batting: LHB Kenny Webster
|
0-0: Ball 1-0: Swinging Strike 1-1: Called Strike 1-2: DOUBLE (Line Drive, 9LS)
|
Batting: RHB Clarence Fox
|
0-0: Foul Ball, location: 2F 0-1: SINGLE (Line Drive, 7LM) Kenny Webster to third
|
Batting: RHB Randolph Davis
|
0-0: Fly out, F8 (Flyball, 8RM) Runner from 3rd tags up, SCORES, throw made
|
Batting: RHB Kenzaburo Hori
|
0-0: Foul Ball, location: 2F 0-1: Foul Ball, location: 2F 0-2: Ball 1-2: Ball 2-2: Strikes out swinging
|
Top of the 5th over - 1 run(s), 2 hit(s), 0 error(s), 1 left on base; Seattle 2 - New Amsterdam 2 |
BOTTOM OF THE 5TH |
New Amsterdam Republics batting - Pitching for Seattle Aviators : RHP António Rodríguez
|
Batting: LHB Eric Ward
|
0-0: Called Strike 0-1: Ball 1-1: Ball 2-1: Foul Ball, location: 2F 2-2: Strikes out looking
|
Batting: LHB Steve Ingram
|
0-0: Ball 1-0: Ball 2-0: Called Strike 2-1: Called Strike 2-2: Fly out, F9 (Popup, 34D)
|
Batting: RHB Takeru Sanu
|
0-0: Called Strike 0-1: Called Strike 0-2: Strikes out swinging
|
Bottom of the 5th over - 0 run(s), 0 hit(s), 0 error(s), 0 left on base; Seattle 2 - New Amsterdam 2 |
TOP OF THE 6TH |
Seattle Aviators batting - Pitching for New Amsterdam Republics : LHP Allan Strawson
|
Batting: RHB Sean Davis
|
0-0: Ball 1-0: Ball 2-0: Ball 3-0: Base on Balls
|
Batting: LHB Jorge Mojica
|
0-0: Ball 1-0: Foul Ball, location: 2F 1-1: Fly out, F9 (Flyball, 9LD) Runner from 1st tags up, SAFE at 2nd
|
Batting: RHB Vernon Caw
|
0-0: Ball 1-0: Ball 2-0: Called Strike 2-1: Ball 3-1: Called Strike 3-2: Base on Balls
|
Batting: RHB Brian Williams
|
0-0: Swinging Strike 0-1: Swinging Strike 0-2: Ball 1-2: Ball 2-2: Foul Ball, location: 2F 2-2: Strikes out swinging
|
Batting: RHB Tanyu Kimura
|
0-0: Ball 1-0: Ball 2-0: Ground out 6-3 (Groundball, 6)
|
Top of the 6th over - 0 run(s), 0 hit(s), 0 error(s), 2 left on base; Seattle 2 - New Amsterdam 2 |
BOTTOM OF THE 6TH |
New Amsterdam Republics batting - Pitching for Seattle Aviators : RHP António Rodríguez
|
Batting: RHB António Pérez
|
0-0: Fly out, F8 (Flyball, 8LXD)
|
Batting: RHB Cory Hansen
|
0-0: Called Strike 0-1: Foul Ball, location: 2F 0-2: Ball 1-2: Ground out 6-3 (Groundball, 6)
|
Batting: LHB Félix López
|
0-0: Ball 1-0: Ball 2-0: Ball 3-0: Called Strike 3-1: Base on Balls
|
Batting: RHB Hank Wilder
|
0-0: Ball 1-0: Called Strike 1-1: Ball 2-1: Ground out 6-3 (Groundball, 6)
|
Bottom of the 6th over - 0 run(s), 0 hit(s), 0 error(s), 1 left on base; Seattle 2 - New Amsterdam 2 |
TOP OF THE 7TH |
Seattle Aviators batting - Pitching for New Amsterdam Republics : LHP Allan Strawson
|
Batting: LHB Kenny Webster
|
0-0: Called Strike 0-1: Ball 1-1: Ball 2-1: DOUBLE (Flyball, 8LXD)
|
Batting: RHB Clarence Fox
|
0-0: Ball 1-0: Swinging Strike 1-1: Foul Ball, location: 2F 1-2: DOUBLE (Flyball, 89XD) Kenny Webster scores
|
Batting: RHB Randolph Davis
|
0-0: Called Strike 0-1: Swinging Strike 0-2: Hit by Pitch
|
Batting: RHB Kenzaburo Hori
|
0-0: Sac Bunt - play at first, batter OUT! 5-4 Clarence Fox to third Randolph Davis to second
|
Batting: RHB Sean Davis
|
0-0: Called Strike 0-1: Ball 1-1: Ball 2-1: Ball 3-1: Base on Balls
|
Pitching: LHP Michael Rondeau
|
|
Batting: LHB Jorge Mojica
|
0-0: Called Strike 0-1: Ground out 3-1 (Groundball, 34S) Clarence Fox scores Randolph Davis to third Sean Davis to second
|
Batting: RHB Vernon Caw
|
0-0: Ball 1-0: Foul Ball, location: 2F 1-1: Ball 2-1: Foul Ball, location: 2F 2-2: Strikes out looking
|
Top of the 7th over - 2 run(s), 2 hit(s), 0 error(s), 2 left on base; Seattle 4 - New Amsterdam 2 |
BOTTOM OF THE 7TH |
New Amsterdam Republics batting - Pitching for Seattle Aviators : RHP António Rodríguez
|
Batting: RHB Júlio Maldonado
|
0-0: Foul Ball, location: 2F 0-1: Swinging Strike 0-2: Ball 1-2: Strikes out swinging
|
Batting: RHB Luis Muńóz
|
0-0: Foul Ball, location: 2F 0-1: Foul Ball, location: 2F 0-2: Ball 1-2: Foul Ball, location: 2F 1-2: Ball 2-2: Strikes out swinging
|
Batting: LHB Eric Ward
|
0-0: Called Strike 0-1: Ball 1-1: Swinging Strike 1-2: Ball 2-2: Strikes out swinging
|
Bottom of the 7th over - 0 run(s), 0 hit(s), 0 error(s), 0 left on base; Seattle 4 - New Amsterdam 2 |
TOP OF THE 8TH |
Seattle Aviators batting - Pitching for New Amsterdam Republics : LHP Michael Rondeau
|
Batting: RHB Brian Williams
|
0-0: Called Strike 0-1: Ball 1-1: Swinging Strike 1-2: Strikes out swinging
|
Batting: RHB Tanyu Kimura
|
0-0: Ground out 5-3 (Groundball, 5S)
|
Batting: LHB Kenny Webster
|
0-0: Called Strike 0-1: SINGLE (Flyball, 8LS)
|
Batting: RHB Clarence Fox
|
0-0: Called Strike 0-1: Called Strike 0-2: Strikes out swinging
|
Top of the 8th over - 0 run(s), 1 hit(s), 0 error(s), 1 left on base; Seattle 4 - New Amsterdam 2 |
BOTTOM OF THE 8TH |
New Amsterdam Republics batting - Pitching for Seattle Aviators : RHP António Rodríguez
|
Batting: LHB Steve Ingram
|
0-0: Called Strike 0-1: Ball 1-1: Ball 2-1: SINGLE (Line Drive, 89S)
|
Batting: RHB Takeru Sanu
|
0-0: Ball 1-0: Ball 2-0: Ball 3-0: Base on Balls Steve Ingram to second
|
Batting: RHB António Pérez
|
0-0: Foul Ball, location: 2F 0-1: Ball 1-1: Ball 2-1: Grounds into double play, 4-6-3 (Groundball, 4) Steve Ingram to third
|
Batting: RHB Cory Hansen
|
0-0: Called Strike 0-1: Foul Ball, location: 2F 0-2: Ball 1-2: Ball 2-2: Foul Ball, location: 2F 2-2: SINGLE (Groundball, 5L) Steve Ingram scores
|
Pitching: LHP Dalton García
|
|
Batting: LHB Félix López
|
0-0: Ball 1-0: Ball 2-0: Foul Ball, location: 2F 2-1: Foul Ball, location: 2F 2-2: Foul Ball, location: 2F 2-2: Foul Ball, location: 2F 2-2: Foul Ball, location: 2F 2-2: Ground out U3 (Groundball, 3L)
|
Bottom of the 8th over - 1 run(s), 2 hit(s), 0 error(s), 1 left on base; Seattle 4 - New Amsterdam 3 |
TOP OF THE 9TH |
Seattle Aviators batting - Pitching for New Amsterdam Republics : LHP Michael Rondeau
|
Pitching: RHP Gavin Blackburn
|
|
Batting: RHB Randolph Davis
|
0-0: Ball 1-0: Ball 2-0: Ball 3-0: Base on Balls
|
Batting: RHB Kenzaburo Hori
|
0-0: Sac Bunt - play at first, batter OUT! 1-4 Randolph Davis to second
|
Batting: RHB Sean Davis
|
0-0: Called Strike 0-1: Foul Ball, location: 2F 0-2: Strikes out swinging
|
Batting: LHB Jorge Mojica
|
0-0: Foul Ball, location: 2F 0-1: Ball 1-1: Fly out, F9 (Flyball, 9D)
|
Top of the 9th over - 0 run(s), 0 hit(s), 0 error(s), 1 left on base; Seattle 4 - New Amsterdam 3 |
BOTTOM OF THE 9TH |
New Amsterdam Republics batting - Pitching for Seattle Aviators : LHP Dalton García
|
Pitching: RHP Ken Hinkle
|
|
Now at 3B: Tynan Hawkins
|
|
Batting: RHB Hank Wilder
|
0-0: Swinging Strike 0-1: Foul Ball, location: 2F 0-2: Strikes out looking
|
Batting: RHB Júlio Maldonado
|
0-0: Ball 1-0: Called Strike 1-1: DOUBLE (Line Drive, 5D)
|
Batting: RHB Luis Muńóz
|
0-0: Called Strike 0-1: Ball 1-1: Fly out, F9 (Flyball, 89M)
|
Batting: LHB Eric Ward
|
0-0: Called Strike 0-1: Ball 1-1: Foul Ball, location: 2F 1-2: Ball 2-2: Ball 3-2: Strikes out swinging
|
Bottom of the 9th over - 0 run(s), 1 hit(s), 0 error(s), 1 left on base; Seattle 4 - New Amsterdam 3 |
|